 Dungeon Crawl Stone Soup version 0.30-a0-696-g2367cd04db (webtiles) character file.

Game seed: 5836970636687652986

4801 wormed the Destroyer (level 10, -6/72 HPs)
             Began as a Demonspawn Artificer on Jan 21, 2023.
             Was a Follower of Vehumet.
             Mangled by Erica
             ... wielding a +4 scimitar of flaming
              (20 damage)
             ... on level 8 of the Dungeon.
             The game lasted 00:25:42 (8529 turns).

wormed the Destroyer (Demonspawn Artificer)         Turns: 8529, Time: 00:25:43

Health: -6/72      AC:  9    Str: 19    XL:     10   Next: 24%
Magic:  15/19      EV: 12    Int: 16    God:    Vehumet [*.....]
Gold:   201        SH:  0    Dex: 14    Spells: 15/21 levels left

rFire   . . .      SeeInvis .    F - +4 dagger (chaos)
rCold   . . .      Faith    .    (no shield)
rNeg    . . .      Spirit   .    b - +0 leather armour
rPois   .          Reflect  .    e - +1 hat
rElec   .          Harm     .    a - +1 cloak
rCorr   .          Rampage  .    n - +0 pair of gloves
Will    .....                    o - +0 pair of boots
Stlth   +                        r - amulet of regeneration
HPRegen 1.12/turn                C - +6 ring of strength
MPRegen 0.16/turn                (no ring)

@: mighty, slowed, studying Armour, very slow
A: antennae 1, rugged brown scales 1, demonic guardian 2, powered by pain 1
a: Renounce Religion


You were on level 8 of the Dungeon.
You worshipped Vehumet.
Vehumet was aware of your devotion.
You visited 2 branches of the dungeon, and saw 9 of its levels.

You collected 421 gold pieces.
You spent 220 gold pieces at shops.

Inventory:

Hand Weapons
 F - a +4 dagger of chaos (weapon)
Missiles
 j - 23 poisoned darts (quivered)
 q - 4 datura-tipped darts
Armour
 a - a +1 cloak (worn)
 b - a +0 leather armour (worn)
 e - a +1 hat (worn)
 n - a +0 pair of gloves (worn)
 o - a +0 pair of boots (worn)
Jewellery
 r - an amulet of regeneration (around neck)
 C - a +6 ring of strength (left hand)
Wands
 d - a wand of charming (14)
 m - a wand of polymorph (19)
 v - a wand of roots (2)
Scrolls
 c - 2 scrolls of identify
 h - 2 scrolls of fear
 u - a scroll of fog
 w - a scroll of amnesia {unknown}
 x - a scroll of enchant armour
 y - a scroll of blinking
 B - 2 scrolls of teleportation {unknown}
 D - a scroll of torment {unknown}
Potions
 f - 2 potions of brilliance
 i - 5 potions of curing
 k - 2 potions of heal wounds
 l - a potion of attraction
 p - 2 potions of lignification
 t - a potion of ambrosia
 z - a potion of mutation {unknown}
 A - a potion of might {unknown}


   Skills:
 - Level 3.4 Fighting
 - Level 1.7 Armour
 - Level 3.1 Dodging
 - Level 0.8 Stealth
 + Level 6.0 Spellcasting
 - Level 10.0 Conjurations
 + Level 7.0 Hexes
 - Level 4.0 Evocations


You had 15 spell levels left.
You knew the following spells:

 Your Spells              Type           Power      Damage    Failure   Level
a - Searing Ray           Conj           72%        2d7       1%          2
b - Fulminant Prism       Conj/Hex       16%        3d11      4%          4

Your spell library contained the following spells:

 Spells                   Type           Power      Damage    Failure   Level
 Shock                    Conj/Air       80%        1d8       1%          1
 Magic Dart               Conj           100%       1d8       1%          1
 Confusing Touch          Hex            27%        N/A       2%          3
 Hailstorm                Conj/Ice       20%        3d6       6%          3
 Mephitic Cloud           Conj/Pois/Air  15%        N/A       12%         3
 Beastly Appendage        Tmut           8%         N/A       16%         1
 Freeze                   Ice            16%        1d4       16%         1
 Call Imp                 Summ           4%         N/A       24%         2
 Wereblood                Tmut           4%         N/A       24%         2
 Frozen Ramparts          Ice            8%         1d2       43%         3
 Spider Form              Tmut/Pois      4%         N/A       43%         3
 Enfeeble                 Hex            13%        N/A       100%        7


Dungeon Overview and Level Annotations

Branches:
Dungeon (8/15)             Temple (1/1) D:5
   Lair: D:8-11

Altars:
Ashenzari
Cheibriados
Fedhas
Gozag
Hepliaklqana
Kikubaaqudgha
Makhleb
Qazlal
Ru
Trog
Uskayaw
Vehumet
Yredelemnul

Shops:
D:4 [[::   D:5 [   D:7 :

Annotations:
D:3 1 runed translucent door, Loveship's ghost, amateur DsBe
D:8 Erica


Innate Abilities, Weirdness & Mutations

You have a pair of small antennae on your head.
You are partially covered in rugged brown scales. (AC +1, +3% HP)
A demonic guardian rushes to your aid.
You sometimes gain a little power by taking damage.


Message History

You feel sick.
Your fulminant prism explodes!
The blast of energy engulfs something!
Something tries to affect you, but you resist.
Casting: Fulminant Prism (dangerous; 4% risk of failure)
Confirm with . or Enter, or press ? or * to list all spells.
Aiming: Fulminant Prism (dangerous; 4% risk of failure)
Press: ? - help, Dir - move target You conjure a prism of explosive energy!
A fulminant prism comes into view.
You feel sick.
You feel sick.
Your fulminant prism crackles loudly.
You feel sick.
Your fulminant prism explodes!
The blast of energy engulfs something!
You feel sick.
You are no longer poisoned.
You feel yourself slow down.
You feel as though you will be slow longer.
Something hits you. Something burns you.
You hit something. Something hits you. Something burns you. Something hits you!
You focus on the pain.
You feel very mighty all of a sudden. Something burns you. Something hits you!
Something burns you.
You completely miss something. Something hits you! Something burns you.
Something hits you!!
* * * LOW HITPOINT WARNING * * *
A demonic guardian appears!
You focus on the pain.
You feel your power returning. Something burns you.
* * * LOW HITPOINT WARNING * * *
Blink to where?
Press: ? - help, Dir - move target
As you read the scroll of blinking, it crumbles to dust.
You hear a shout!
You hear a shout!
You hear a shout!
There is a stone staircase leading down here.
Something hits you!!
You die...

#.)..... ###.######
##...# #..### ##.##
##..# #######..##
#.......######
#.@..........######
#.{###.#..........#
#....#.#.###.####.#
#####.#.#.#.# #.## #.#
##.....#4#.#(###..# #.#
#..............4..###.#
#.........)....ยง......#
#................#.####
####'#...........#?....


You could see a friendly orange demon (summoned).

Vanquished Creatures
  Amaemon (D:8)
  Joseph (D:8)
  An orange demon (D:8)
  Maggie (D:8)
  Grinder (D:3)
  Sigmund (D:4)
  A wyvern (D:8)
  A water moccasin (D:8)
  An orc warrior (D:5)
  A sky beast (D:7)
  3 ice beasts
  2 ogres
  A kobold brigand (D:8)
  2 bullfrogs
  A necrophage (D:5)
  Dowan (D:5)
  An electric eel (D:7)
  A hound (D:4)
  4 orc priests
  4 jellies
  7 iguanas
  5 orc wizards
  12 adders
  An ufetubus (D:4)
  3 worms
  6 dart slugs
  26 orcs
  5 endoplasms
  5 giant cockroaches
  3 goblins (D:4)
  7 hobgoblins
  4 jackals
  13 kobolds
  3 quokkas
  5 ball pythons
  4 bats
  8 frilled lizards
  5 rats
152 creatures vanquished.

Vanquished Creatures (collateral kills)
  A cyclops (D:8)
  Prince Ribbit (D:6)
  A steam dragon (D:7)
  A black bear (D:6)
  An orc warrior (D:7)
  An ogre (D:8)
  An adder (D:5)
  An orc (D:7)
8 creatures vanquished.

Vanquished Creatures (others)
  Duvessa (D:5)
  19 fulminant prisms (D:8)
20 creatures vanquished.

Grand Total: 180 creatures vanquished

Notes
Turn   | Place    | Note
-------+----------+-------------------------------------------
     0 | D:1      | wormed the Demonspawn Artificer began the quest for the
                  | Orb.
     0 | D:1      | Reached XP level 1. HP: 15/15 MP: 1/1
    62 | D:1      | Reached skill level 1 in Dodging
   191 | D:1      | Gained mutation: You have a pair of small antennae on your
                  | head. [demonic ancestry]
   191 | D:1      | Reached XP level 2. HP: 20/21 MP: 2/2
   196 | D:1      | Got the Compendium of Unlucky Transformation
   770 | D:2      | Reached skill level 1 in Spellcasting
   770 | D:2      | Reached XP level 3. HP: 27/27 MP: 4/4
   908 | D:2      | Found a faded altar of an unknown god.
  1005 | D:2      | Found an opulent altar of Gozag.
  1477 | D:2      | Reached XP level 4. HP: 28/33 MP: 6/6
  1765 | D:3      | Found a runed translucent door.
  1853 | D:3      | Noticed Loveship's ghost (amateur DsBe)
  2128 | D:3      | Noticed Grinder
  2417 | D:4      | Gained mutation: You are partially covered in rugged brown
                  | scales. (AC +1, +3% HP) [demonic ancestry]
  2417 | D:4      | Reached XP level 5. HP: 34/40 MP: 6/8
  2463 | D:4      | Found a stormy altar of Qazlal.
  2463 | D:4      | Noticed a water elemental
  2467 | D:4      | Noticed a fire elemental
  2467 | D:4      | Noticed an air elemental
  2528 | D:4      | Noticed an ogre
  2533 | D:4      | an ogre changed into a frilled lizard
  2623 | D:5      | Entered Level 5 of the Dungeon
  2977 | D:4      | Found Senisuy's Antique Armour Emporium.
  3038 | D:4      | Found Vaozooru's Book Emporium.
  3073 | D:4      | Noticed Sigmund
  3127 | D:4      | Killed Sigmund
  3128 | D:4      | Reached skill level 2 in Conjurations
  3128 | D:4      | Gained mutation: You sometimes gain a little power by
                  | taking damage. [demonic ancestry]
  3128 | D:4      | Reached XP level 6. HP: 39/47 MP: 8/10
  3191 | D:4      | Found Bonawn's Antique Armour Shop.
  3308 | D:4      | Found Heunn's Book Shoppe.
  3365 | D:5      | Reached skill level 3 in Conjurations
  3430 | D:5      | Found a blossoming altar of Fedhas.
  3468 | D:5      | Found Vear's Armour Emporium.
  3556 | D:5      | Reached XP level 7. HP: 52/52 MP: 10/12
  3635 | D:5      | Noticed a troll
  3692 | D:3      | Reached skill level 4 in Conjurations
  3737 | D:3      | Paralysed by Grinder for 4 turns
  3755 | D:3      | Paralysed by Grinder for 3 turns
  3760 | D:3      | Paralysed by Grinder for 4 turns
  3766 | D:3      | Paralysed by Grinder for 5 turns
  3776 | D:3      | Killed Grinder
  3777 | D:3      | Reached skill level 5 in Conjurations
  4175 | D:4      | Bought a book of Conjurations for 220 gold pieces
  4178 | D:4      | Learned a level 2 spell: Searing Ray
  4183 | D:4      | Learned a level 4 spell: Fulminant Prism
  4472 | D:5      | Noticed Duvessa
  4818 | D:5      | Noticed Dowan
  4828 | D:5      | Reached skill level 1 in Hexes
  4830 | D:5      | Your ally Duvessa died
  4847 | D:5      | Killed Dowan
  4848 | D:5      | Reached skill level 6 in Conjurations
  4848 | D:5      | Gained mutation: A weak demonic guardian rushes to your
                  | aid. [demonic ancestry]
  4848 | D:5      | Reached XP level 8. HP: 58/58 MP: 8/14
  5043 | D:5      | Found a staircase to the Ecumenical Temple.
  5356 | D:6      | Noticed Prince Ribbit
  5428 | Temple   | Entered the Ecumenical Temple
  5522 | Temple   | Became a worshipper of Vehumet
  5601 | D:6      | Killed Prince Ribbit
  5602 | D:6      | Reached skill level 7 in Conjurations
  5721 | D:6      | Reached skill level 5 in Spellcasting
  6360 | D:7      | Reached skill level 8 in Conjurations
  6380 | D:6      | Gained mutation: A demonic guardian rushes to your aid.
                  | [demonic ancestry]
  6380 | D:6      | Reached XP level 9. HP: 50/63 MP: 4/16
  6471 | D:7      | Found the +7 great mace "Firestarter" {flame, inner flame,
                  | rFlCloud rF++}
  6730 | D:7      | Found Zimp's Book Emporium.
  7353 | D:7      | Reached skill level 9 in Conjurations
  7577 | D:8      | Noticed Joseph
  7577 | D:8      | Noticed a cyclops
  7691 | D:8      | Killed Joseph
  7692 | D:8      | Reached skill level 5 in Hexes
  7896 | D:8      | Noticed Amaemon
  7907 | D:8      | Noticed an orange demon
  7912 | D:8      | Killed Amaemon
  7913 | D:8      | Reached skill level 10 in Conjurations
  8056 | D:8      | Noticed Psyche
  8059 | D:8      | Psyche changed into Psyche the ogre
  8059 | D:8      | Noticed Psyche
  8066 | D:8      | Killed Psyche the ogre
  8167 | D:8      | Killed a cyclops
  8167 | D:8      | Reached * piety under Vehumet
  8167 | D:8      | Offered knowledge of Shock by Vehumet.
  8168 | D:8      | Reached XP level 10. HP: 58/72 MP: 7/18
  8308 | D:8      | Noticed Maggie
  8339 | D:8      | Killed Maggie
  8476 | D:8      | Killed an orange demon
  8491 | D:8      | Noticed Erica
  8529 | D:8      | Mangled by Erica

Illustrated notes

Levels and vault maps discovered:
D:1:      dpeg_arrival_oval, layout_basic, minmay_tetromino_l2
D:2:      layout_rooms, basic_altar, hellmonk_ecumenical_altar_crossroads,
          lightli_corner_chamber
D:3:      minmay_bubble_buster, layout_basic, ebering_ghost_reflecting_pool,
          kennysheep_generic_room_10, uniq_grinder
D:4:      layout_loops_ring, nicolae_qazlal_style_of_elements, serial_shops,
          shop, shop, nicolae_shop_waterfront, nicolae_diamond_shop,
          hangedman_abyss_or_decor_stabs, st_stairs_10, uniq_sigmund
D:5:      layout_gridville, kennysheep_little_box, temple_statues, serial_shops,
          nicolae_shop_behind_doors, minmay_manual_mess, uniq_duvessa
D:6:      layout_gridville, chequers_serial_rivers_micro_c, uniq_prince_ribbit1
D:7:      layout_rooms, grunt_ministairs_6, palyth_stone_intersect,
          nicolae_take_the_stairs, lightli_minifort
D:8:      layout_basic, uniq_psyche, uniq_amaemon, uniq_joseph, uniq_erica,
          uniq_maggie
Temple:   nicolae_temple_slightly_damp_pantheon

Skill      XL: |  1  2  3  4  5  6  7  8  9 10 |
---------------+-------------------------------+-----
Dodging        | 1 2 3 |  3.1
Spellcasting   | 1 2 3 4 5 6 |  6.0
Fighting       | 2 3 |  3.4
Evocations     | 4 |  4.0
Conjurations   | 2 3 6 8 10 | 10.0
Hexes          | 1 3 6 7 |  7.0
Armour         | |  1.7
Stealth        | |  0.8

Action                   |  1- 3 |  4- 6 |  7- 9 | 10-12 || total
-------------------------+-------+-------+-------+-------++-------
Melee: Club              |    31 |       |       |       ||    31
       Short sword       |   141 |   205 |       |       ||   346
       Punch             |     4 |     3 |       |       ||     7
       Halberd           |       |    62 |   169 |       ||   231
       Demon whip        |       |       |     6 |       ||     6
       Dagger            |       |       |       |    12 ||    12
Throw: Dart              |     3 |     5 |     7 |     2 ||    17
       Throwing net      |       |     5 |       |       ||     5
 Cast: Searing Ray       |       |       |    56 |     2 ||    58
       Fulminant Prism   |       |       |    12 |     7 ||    19
Evoke: Wand              |    19 |     4 |     6 |       ||    29
  Use: Scroll            |       |     7 |     5 |     1 ||    13
       Potion            |       |     2 |     1 |       ||     3
 Stab: Held in net/web   |       |     5 |       |       ||     5
       Sleeping          |       |       |     4 |       ||     4
Armor: Leather armour    |    56 |    94 |   146 |       ||   296
Dodge: Dodged            |   129 |   181 |   177 |    10 ||   497

Table legend: (Time is in decaauts)
 A = Elapsed time spent in this place.
 B = Non-inter-level travel time spent in this place.
 C = Inter-level travel time spent in this place.
 D = Time resting spent in this place.
 E = Time spent auto-exploring this place.
 F = Levels seen in this place.
 G = Mean time per level.
                   A        B        C        D        E       F      G
               +--------+--------+--------+--------+--------+-----+--------+
         Total |   8656 |   7931 |    725 |      0 |   5626 |   9 |  961.8 |
       Dungeon |   8542 |   7835 |    707 |      0 |   5547 |   8 | 1067.8 |
        Temple |    113 |     95 |     18 |      0 |     79 |   1 |  113.0 |
               +--------+--------+--------+--------+--------+-----+--------+

Top non-repeatable levels by time:
     D:4: 1406 daAuts
     D:3: 1178 daAuts
     D:5: 1116 daAuts
     D:7: 1073 daAuts
     D:2: 1036 daAuts
     D:8: 1016 daAuts
     D:6: 1012 daAuts
     D:1: 701 daAuts
  Temple: 113 daAuts
